 Dungeon Sprint DCSS version 0.24.0-123-gd5b16e6ec5 (webtiles) character file.

Game seed: 7133215743352100596, levelgen mode: deterministic

69 McKennaii the Zephyrmancer (level 4, -5/24 HPs)
             Began as a Tengu Air Elementalist on Dec 18, 2019.
             Slain by a water elemental (19 damage)
             ... in the Dungeon (Sprint III: "The Ten Rune Challenge").
             The game lasted 00:02:33 (746 turns).

McKennaii the Zephyrmancer (Tengu Air Elementalist)  Turns: 746, Time: 00:02:35

Health: -5/24      AC:  4    Str:  9    XL:     4   Next: 20%
Magic:  6/9        EV: 13    Int: 16    God:
Gold:   17         SH:  0    Dex: 14    Spells: 8/9 levels left

rFire    . . .     SeeInvis .   (no weapon)
rCold    . . .     Gourm    .   (no shield)
rNeg     + . .     Faith    .   j - +2 robe {rN+}
rPois    .         Spirit   .   (helmet restricted)
rElec    .         Reflect  .   (no cloak)
rCorr    .         Harm     .   (no gloves)
MR       .....     NoTele   +   (boots unavailable)
Stlth    ++........             (no amulet)
HPRegen  0.08/turn              (no ring)
MPRegen  0.11/turn              (no ring)

@: no status effects
A: beak, talons 3
a: no special abilities


You were in the Dungeon.
You were not hungry.

You visited 1 branch You collected 17 gold pieces.

Inventory:

Armour
 j - a +2 robe of positive energy (worn)
Scrolls
 b - a scroll of amnesia {unknown}
 i - a scroll of blinking
 l - a scroll of immolation {unknown}
 m - 6 scrolls of identify
 p - a scroll of holy word {unknown}
 q - a scroll of remove curse {unknown}
Potions
 d - a potion of curing
 e - a potion of heal wounds
 f - a potion of haste
 g - 2 potions of magic
 h - a potion of berserk rage
 k - 4 potions of mutation
 n - a potion of degeneration {unknown}
 o - 2 potions of flight {unknown}
Comestibles
 a - 3 chunks of flesh
 c - 4 rations


   Skills:
 + Level 0.1 Fighting
 + Level 3.1 Dodging
 + Level 2.6 Stealth
 + Level 0.5 Unarmed Combat
 + Level 3.2 Spellcasting
 + Level 2.1 Conjurations
 * Level 9.5 Air Magic


You had 8 spell levels left.
You knew the following spells:

 Your Spells              Type           Power        Failure   Level  Hunger
a - Shock                 Conj/Air       ###.         1%          1    None

Your spell library contained the following spells:

 Spells                   Type           Power        Failure   Level  Hunger
 Airstrike                Air            ####......   3%          4    ####...
 Swiftness                Chrm/Air       ###.....     4%          2    ##.....
 Static Discharge         Conj/Air       ###.....     4%          3    ###....
 Lightning Bolt           Conj/Air       ###.......   43%         5    ######.


Dungeon Overview and Level Annotations

Branches:
Dungeon (1/1)

Altars:


Innate Abilities, Weirdness & Mutations

You have a beak for a mouth.
You have claws for feet.


Message History

The water elemental is lightly damaged.
Casting: Shock (safe; 1% risk of failure)
Confirm with . or Enter, or press ? or * to list all spells.
Aiming: Shock (safe; 1% risk of failure)
Press: ? - help, Shift-Dir - straight line, p - water elemental The zap misses the water elemental.
The zap hits the water elemental.
The water elemental completely resists.
The water elemental is lightly damaged.
The water elemental hits you!
Casting: Shock (safe; 1% risk of failure)
Confirm with . or Enter, or press ? or * to list all spells.
Aiming: Shock (safe; 1% risk of failure)
Press: ? - help, Shift-Dir - straight line The zap hits the water elemental.
The water elemental completely resists.
The water elemental is lightly damaged.
The zap hits the water elemental.
The water elemental completely resists.
The water elemental is lightly damaged.
The water elemental hits you!!
Ouch! That really hurt!
You die...

▓▓▓▓▓▓▓▓▓▓▓▓ ▓▓▓
<.#..'.....♣♣ ♣.#
..#..#....♣.♣ ♣.#
#'####....♣.♣ ♣.#
.....#....≈.♣♣ ♣.###+#+#
.....#...≈≈♣.♣♣♣.#......
.....#..≈≈≈≈♣.♣..E.⌠....
####[#..≈≈≈÷≈≈♣.@#
.....#.≈≈≈≈≈≈....#
.....#.≈≈≈≈≈.....#
.....#.≈≈≈.......#
'#####...........#
.................#
▓▓▓▓▓▓▓▓▓▓▓▓▓▓▓▓▓▓


You could see a water elemental.

Vanquished Creatures
  Jessica (D)
  A human (D)
  A wolf (D)
  2 oozes (D)
  A rat (D)
6 creatures vanquished.

Vanquished Creatures (others)
  2 draconian scorchers (D)
  A yaktaur (D)
  6 hellions (D)
  3 plants (D)
12 creatures vanquished.

Grand Total: 18 creatures vanquished

Notes
Turn   | Place    | Note
-------+----------+-------------------------------------------
     0 | D        | McKennaii the Tengu Air Elementalist began the quest for
                  | the Orb.
     0 | D        | Reached XP level 1. HP: 10/10 MP: 4/4
     7 | D        | Reached skill level 5 in Air Magic
    10 | D        | Reached skill level 6 in Air Magic
    10 | D        | Reached XP level 2. HP: 6/15 MP: 0/6
    75 | D        | Killed a hellion
    76 | D        | Killed a hellion
    97 | D        | Killed a hellion
   102 | D        | Killed a hellion
   102 | D        | Killed a hellion
   123 | D        | Killed a hellion
   165 | D        | Killed a white draconian scorcher
   181 | D        | Noticed Jessica
   185 | D        | Killed Jessica
   185 | D        | Reached skill level 8 in Air Magic
   185 | D        | Reached XP level 3. HP: 2/19 MP: 4/8
   186 | D        | Killed a white draconian scorcher
   248 | D        | Killed a yaktaur
   556 | D        | Reached skill level 9 in Air Magic
   644 | D        | Reached XP level 4. HP: 24/24 MP: 3/9
   742 | D        | Noticed a water elemental
   746 | D        | Slain by a water elemental

Levels and vault maps discovered:
D:        dungeon_sprint_mu [sprint_mu_entry_forest, sprint_mu_temple_rooms,
          sprint_mu_d1_spiders, sprint_mu_d2_genie, sprint_mu_d3_branching,
          sprint_mu_orc_legion, sprint_mu_elf_gauntlet, sprint_mu_hive_nellie,
          sprint_mu_lair_fedhas, sprint_mu_vaults_butterflies,
          sprint_mu_slime_circle, sprint_mu_swamp_cave, sprint_mu_snake_twists,
          sprint_mu_blade_basic, sprint_mu_crypt_chambers,
          sprint_mu_tomb_spiral, sprint_mu_vestibule_basic,
          sprint_mu_gehenna_hellfire, sprint_mu_dis_giant,
          sprint_mu_tartarus_statrot, sprint_mu_cocytus_islands, sprint_mu_zot1]

Skill      XL: |  1  2  3 |
---------------+----------+-----
Air Magic      | 6 8 9 |  9.5
Dodging        | 3 |  3.1
Spellcasting   | 3 |  3.2
Conjurations   | 2 |  2.1
Fighting       | |  0.1
Stealth        | |  2.6
Unarmed Combat | |  0.5

Action                   |  1- 3 |  4- 6 || total
-------------------------+-------+-------++-------
Melee: Unarmed           |     2 |       ||     2
       Kick              |     1 |       ||     1
 Cast: Shock             |    22 |     4 ||    26
Armor: Robe              |     2 |       ||     2
Dodge: Dodged            |     4 |       ||     4
